WCHLSIM.com - West Coast Hockey League
html PUBLIC "-//W3C//DTD XHTML 1.0 Transitional//EN" "http://www.w3.org/TR/xhtml1/DTD/xhtml1-transitional.dtd"> WCHL - Game 1218 - PHOENIX MUSTANGS vs SAN FRANCISCO SPIDERS

PHOENIX MUSTANGS vs SAN FRANCISCO SPIDERS

Created - 12 avril 2024 at 05:58

Goals
1 2 3 T
PHOENIX MUSTANGS 0 0 1 1
SAN FRANCISCO SPIDERS 1 1 0 2
Shots
1 2 3 T
PHOENIX MUSTANGS 5 6 16 27
SAN FRANCISCO SPIDERS 13 15 9 37

1st period

1. SAN FRANCISCO SPIDERS , Bo Horvat 40 (Jared McCann 34) at 7:06

Penalties :
No Penalty

2nd period

2. SAN FRANCISCO SPIDERS , Jack Roslovic 17 (Nick Bjugstad 26, Ondrej Palat 18) at 5:18

Penalties :
Conor Sheary (PHX) for Holding (Minor) at 14:10

3rd period

3. PHOENIX MUSTANGS , Jesper Fast 7 (Ilya Lyubushkin 6, Conor Garland 21) at 5:08

Penalties :
Jack Roslovic (SAF) for Slashing (Minor) at 18:48

Goalie Stats

Anton Forsberg (PHX), 35 saves from 37 shots - (0,946), L, 3-6-0, 59:01 minutes
Igor Shesterkin (SAF), 26 saves from 27 shots - (0,963), W, 46-19-3, 60:00 minutes

Players Stats for PHOENIX MUSTANGS

Player Name              G  A  P  +/- PIM S  H  SB GA TA FO     MP     PP MP  PK MP  
------------------------------------------------------------------------------------
Alex Barre-Boulet        0  0  0   0  0   0  0  0  0  0  0/0     7:46   0:00   0:00 
Andreas Athanasiou       0  0  0  -1  0   5  0  0  0  0  12/25  20:22   0:24   0:35 
Arthur Kaliyev           0  0  0  -1  0   4  1  0  0  0  0/1    12:42   0:00   0:00 
Chris Terry              0  0  0  -1  0   1  0  0  0  0  0/1    14:53   0:47   1:24 
Christian Fischer        0  0  0   0  0   0  0  0  0  0  1/1     7:46   0:00   0:00 
Conor Garland            0  1  1   1  0   2  1  1  0  0  0/1    17:46   0:47   0:00 
Conor Sheary             0  0  0   1  2   2  1  0  0  0  3/28   16:58   0:00   0:00 
Gavin Bayreuther         0  0  0  -2  0   0  2  1  0  0  0/0    17:30   0:24   0:55 
Ilya Lyubushkin          0  1  1   0  0   2  5  2  0  0  0/0    20:56   0:24   0:55 
Jesper Fast              1  0  1   1  0   1  2  0  0  0  1/1    18:21   0:47   0:35 
John Klingberg           0  0  0   1  0   0  3  0  0  0  0/0    24:59   0:47   1:04 
Jonathan Miller          0  0  0   0  0   2  0  0  0  0  6/11    7:46   0:00   0:00 
Juuso Parssinen          0  0  0  -1  0   6  1  0  0  0  2/7    21:11   0:24   1:24 
Matt Irwin               0  0  0   0  0   0  7  1  0  0  0/0    20:51   0:47   1:04 
Mike Sgarbossa           0  0  0  -1  0   0  0  0  0  0  7/13   12:42   0:00   0:00 
T.J. Brodie              0  0  0  -1  0   0  0  2  0  0  0/0    18:13   0:00   0:00 
Taylor Hall              0  0  0  -1  0   2  0  0  0  0  0/1    19:47   0:24   0:00 
Xavier Ouellet           0  0  0   0  0   0  1  0  0  0  0/0    17:31   0:00   0:00 

Players Stats for SAN FRANCISCO SPIDERS

Player Name              G  A  P  +/- PIM S  H  SB GA TA FO     MP     PP MP  PK MP  
------------------------------------------------------------------------------------
Andrei Svechnikov        0  0  0   0  0   2  2  0  0  0  1/2    20:05   0:00   0:00 
Bo Horvat                1  0  1   0  0   6  0  0  0  0  25/36  23:22   1:59   0:51 
Brady Tkachuk            0  0  0   0  0   3  0  0  0  0  0/0    21:17   0:52   0:20 
Brenden Dillon           0  0  0  -1  0   1  1  2  0  0  0/0    21:22   0:52   0:41 
Brock Faber              0  0  0   0  0   1  0  1  0  0  0/0    24:06   1:07   0:30 
Dakota Joshua            0  0  0   0  0   0  0  0  0  0  2/4     3:52   0:00   0:20 
Darnell Nurse            0  0  0  -1  0   2  1  0  0  0  0/0    25:00   1:07   0:41 
Eeli Tolvanen            0  0  0   0  0   1  0  0  0  0  0/0     3:32   0:00   0:00 
Erik Gudbranson          0  0  0   2  0   1  0  0  0  0  0/0    14:32   0:00   0:00 
Jack Roslovic            1  0  1   1  2   4  0  0  0  0  2/2    12:40   0:00   0:00 
Jacob Middleton          0  0  0   2  0   1  2  1  0  0  0/0    14:32   0:00   0:00 
Jared McCann             0  1  1   0  0   6  2  2  0  0  1/1    21:39   1:07   0:00 
Michael Anderson         0  0  0   0  0   1  0  0  0  0  0/0    20:28   0:52   0:30 
Nick Bjugstad            0  1  1   1  0   1  1  0  0  0  11/16  13:48   1:07   0:00 
Ondrej Palat             0  1  1   1  0   1  2  0  0  0  1/2    12:41   0:00   0:00 
Sam Lafferty             0  0  0   0  0   0  0  0  0  0  0/0     3:32   0:00   0:00 
Sebastian Aho            0  0  0   0  0   4  0  0  0  0  15/27  20:56   0:00   0:51 
Viktor Arvidsson         0  0  0   0  0   2  1  0  0  0  0/0    21:24   0:52   0:00 

3 Stars

1 - Igor Shesterkin (SAF)
2 - Anton Forsberg (PHX)
3 - Jesper Fast (PHX)

Power Play

PHOENIX MUSTANGS - 0 on 1 Attempt(s) - 0,00%
SAN FRANCISCO SPIDERS - 0 on 1 Attempt(s) - 0,00%

Penalty Kill

PHOENIX MUSTANGS - 1 on 1 Attempt(s) - 100,00% - Score 0 goal in Penalty Kill
SAN FRANCISCO SPIDERS - 1 on 1 Attempt(s) - 100,00% - Score 0 goal in Penalty Kill

Team Stat

PHOENIX MUSTANGS - Hits : 24 - Faceoff Wins : 32 - Blocked Shots : 7 - Penalty Minutes : 2
SAN FRANCISCO SPIDERS - Hits : 12 - Faceoff Wins : 58 - Blocked Shots : 6 - Penalty Minutes : 2

Official

Referees : Dan Kelly and Tim Peel
Linesman : Ryan Gibbons and Jake Davis

Game Notes

No Game Note

Finance

Level 1 -- Attendance: 5911 (96,82%) -- Ticket Income 886 650 $
Level 2 -- Attendance: 5180 (100,00%) -- Ticket Income 518 000 $
Level 3 -- Attendance: 2035 (100,00%) -- Ticket Income 162 800 $
Level 4 -- Attendance: 4180 (100,00%) -- Ticket Income 250 800 $
Luxury Box -- Attendance: 1000 (100,00%) -- Ticket Income 300 000 $
Game was played at the Bay Area Sports Center.
Total Attendance: 18306 (98,95%)
Total Ticket Income: 2 118 250 $
Other Expense: 21 182 $
Total Income: 2 097 068 $

PHOENIX MUSTANGS

5 vs 5 Forward 
   Center                   Left Wing                Right Wing               Time % Phy DF OF 
 1 Andreas Athanasiou       Juuso Parssinen          Taylor Hall              36     1   2  2  
 2 Conor Sheary             Conor Garland            Jesper Fast              31     1   2  2  
 3 Mike Sgarbossa           Chris Terry              Arthur Kaliyev           23     1   2  2  
 4 Jonathan Miller          Alex Barre-Boulet        Christian Fischer        10     1   2  2  

5 vs 5 Defense 
   Defense                  Defense                                           Time % Phy DF OF 
 1 Matt Irwin               John Klingberg                                    36     1   2  2  
 2 Ilya Lyubushkin          Gavin Bayreuther                                  31     1   2  2  
 3 T.J. Brodie              Xavier Ouellet                                    23     1   2  2  
 4 Ilya Lyubushkin          John Klingberg                                    10     1   2  2  

PowerPlay Forward 
   Center                   Left Wing                Right Wing               Time % Phy DF OF 
 1 Andreas Athanasiou       Juuso Parssinen          Taylor Hall              55     1   2  2  
 2 Chris Terry              Conor Garland            Jesper Fast              45     1   2  2  

PowerPlay Defense
   Defense                  Defense                                           Time % Phy DF OF 
 1 Matt Irwin               John Klingberg                                    55     1   2  2  
 2 Ilya Lyubushkin          Gavin Bayreuther                                  45     1   2  2  

Penalty Kill 4 Players Forward 
   Center                   Wing                     Time % Phy DF OF 
 1 Juuso Parssinen          Chris Terry              55     1   2  2  
 2 Andreas Athanasiou       Jesper Fast              45     1   2  2  

Penalty Kill 4 Players Defense
   Defense                  Defense                  Time % Phy DF OF 
 1 Matt Irwin               John Klingberg           55     1   2  2  
 2 Ilya Lyubushkin          Gavin Bayreuther         45     1   2  2  

Penalty Kill - 3 Players Forward 
   Forward                                           Time % Phy DF OF 
 1 Jesper Fast                                       55     1   2  2  
 2 Andreas Athanasiou                                45     1   2  2  

Penalty Kill - 3 Players Defense
   Defense                  Defense                  Time % Phy DF OF 
 1 Matt Irwin               John Klingberg           55     1   2  2  
 2 Ilya Lyubushkin          Gavin Bayreuther         45     1   2  2  

4 vs 4 Forward 
   Center                   Wing                     Time % Phy DF OF 
 1 Chris Terry              Conor Garland            55     1   2  2  
 2 Andreas Athanasiou       Jesper Fast              45     1   2  2  

4 vs 4 Defense
   Defense                  Defense                  Time % Phy DF OF 
 1 Xavier Ouellet           John Klingberg           55     1   2  2  
 2 Ilya Lyubushkin          Gavin Bayreuther         45     1   2  2  

Last Minutes Offensive
   Center                   Left Wing                Right Wing               Defense                  Defense                  
   Andreas Athanasiou       Juuso Parssinen          Taylor Hall              Matt Irwin               John Klingberg           

Last Minutes Defensive
   Center                   Left Wing                Right Wing               Defense                  Defense                  
   Andreas Athanasiou       Juuso Parssinen          Taylor Hall              Matt Irwin               John Klingberg           

Goaltenders
Starting : Anton Forsberg           
Backup : Jake Allen               

Extra Forwards
Normal : Andreas Athanasiou, Jesper Fast, Chris Terry - PP : Jesper Fast, Andreas Athanasiou - PK : Chris Terry
Extra Defensemen
Normal : John Klingberg, Xavier Ouellet, Ilya Lyubushkin - PP : Ilya Lyubushkin - PK : Xavier Ouellet, Ilya Lyubushkin
Penalty Shots
Chris Terry, Conor Garland, Andreas Athanasiou, Jesper Fast, Jonathan Miller
Custom OT Lines Forwards
Juuso Parssinen, Taylor Hall, Andreas Athanasiou, Jesper Fast, Alex Barre-Boulet, Conor Garland, Christian Fischer, Chris Terry, Arthur Kaliyev, Jonathan Miller
Custom OT Lines Defensemen
Xavier Ouellet, John Klingberg, Ilya Lyubushkin, Gavin Bayreuther, Matt Irwin

Scratches
Adam Ruzicka (Separated Right Shoulder Injury), Laurent Dauphin (Healthy), Jeff Petry (Separated Right Shoulder Injury), Tyler Wotherspoon (Left Hand Injury)

SAN FRANCISCO SPIDERS

5 vs 5 Forward 
   Center                   Left Wing                Right Wing               Time % Phy DF OF 
 1 Sebastian Aho            Brady Tkachuk            Andrei Svechnikov        37     0   1  4  
 2 Bo Horvat                Jared McCann             Viktor Arvidsson         37     0   1  4  
 3 Nick Bjugstad            Ondrej Palat             Jack Roslovic            23     0   3  2  
 4 Dakota Joshua            Sam Lafferty             Eeli Tolvanen            3      0   5  0  

5 vs 5 Defense 
   Defense                  Defense                                           Time % Phy DF OF 
 1 Darnell Nurse            Brenden Dillon                                    38     0   4  1  
 2 Michael Anderson         Brock Faber                                       37     0   4  1  
 3 Erik Gudbranson          Jacob Middleton                                   15     0   5  0  
 4 Darnell Nurse            Brock Faber                                       10     0   4  1  

PowerPlay Forward 
   Center                   Left Wing                Right Wing               Time % Phy DF OF 
 1 Bo Horvat                Brady Tkachuk            Viktor Arvidsson         60     0   1  4  
 2 Bo Horvat                Jared McCann             Nick Bjugstad            40     0   1  4  

PowerPlay Defense
   Defense                  Defense                                           Time % Phy DF OF 
 1 Darnell Nurse            Brock Faber                                       60     0   1  4  
 2 Michael Anderson         Brenden Dillon                                    40     0   1  4  

Penalty Kill 4 Players Forward 
   Center                   Wing                     Time % Phy DF OF 
 1 Bo Horvat                Jack Roslovic            55     0   5  0  
 2 Sebastian Aho            Nick Bjugstad            45     0   5  0  

Penalty Kill 4 Players Defense
   Defense                  Defense                  Time % Phy DF OF 
 1 Darnell Nurse            Brenden Dillon           55     0   5  0  
 2 Brock Faber              Michael Anderson         45     0   5  0  

Penalty Kill - 3 Players Forward 
   Forward                                           Time % Phy DF OF 
 1 Jack Roslovic                                     55     0   5  0  
 2 Bo Horvat                                         45     0   5  0  

Penalty Kill - 3 Players Defense
   Defense                  Defense                  Time % Phy DF OF 
 1 Darnell Nurse            Brenden Dillon           55     0   5  0  
 2 Brock Faber              Michael Anderson         45     0   5  0  

4 vs 4 Forward 
   Center                   Wing                     Time % Phy DF OF 
 1 Bo Horvat                Jared McCann             55     1   2  2  
 2 Jack Roslovic            Viktor Arvidsson         45     1   2  2  

4 vs 4 Defense
   Defense                  Defense                  Time % Phy DF OF 
 1 Darnell Nurse            Brenden Dillon           55     1   2  2  
 2 Michael Anderson         Brock Faber              45     1   2  2  

Last Minutes Offensive
   Center                   Left Wing                Right Wing               Defense                  Defense                  
   Bo Horvat                Sebastian Aho            Viktor Arvidsson         Darnell Nurse            Brenden Dillon           

Last Minutes Defensive
   Center                   Left Wing                Right Wing               Defense                  Defense                  
   Bo Horvat                Sebastian Aho            Viktor Arvidsson         Darnell Nurse            Brenden Dillon           

Goaltenders
Starting : Igor Shesterkin          
Backup : Kevin Lankinen           

Extra Forwards
Normal : Bo Horvat, Sebastian Aho, Jared McCann - PP : Viktor Arvidsson, Jack Roslovic - PK : Bo Horvat
Extra Defensemen
Normal : Darnell Nurse, Brock Faber, Brenden Dillon - PP : Michael Anderson - PK : Darnell Nurse, Erik Gudbranson
Penalty Shots
Brady Tkachuk, Bo Horvat, Jared McCann, Viktor Arvidsson, Andrei Svechnikov
Custom OT Lines Forwards
Sebastian Aho, Bo Horvat, Brady Tkachuk, Jared McCann, Andrei Svechnikov, Nick Bjugstad, Viktor Arvidsson, Ondrej Palat, Dakota Joshua, Eeli Tolvanen
Custom OT Lines Defensemen
Darnell Nurse, Brock Faber, Brenden Dillon, Erik Gudbranson, Michael Anderson

Scratches
Justin Brazeau (Healthy), Sean Durzi (Fractured Left Foot Injury), Zach Hyman (Bruised Left Leg Injury)

% Time on Ice - PHOENIX MUSTANGS

Lines # - Real PCT - Wanted PCT - Time Play
Normal Forward
1 - 34% - 36% - 19:23
2 - 30% - 31% - 16:59
3 - 22% - 23% - 12:42
4 - 14% - 10% - 7:46
Normal Defense
1 - 33% - 36% - 19:00
2 - 28% - 31% - 16:11
3 - 31% - 23% - 17:31
4 - 7% - 10% - 4:08
PP Forward
1 - 34% - 55% - 0:24
2 - 66% - 45% - 0:47
PP Defense
1 - 66% - 55% - 0:47
2 - 34% - 45% - 0:24
PK Forward
1 - 71% - 55% - 1:24
2 - 29% - 45% - 0:35
PK Defense
1 - 54% - 55% - 1:04
2 - 46% - 45% - 0:55
PK3 Forward
1 - 0% - 55%
2 - 0% - 45%
PK3 Defense
1 - 0% - 55%
2 - 0% - 45%
44 Forward
1 - 0% - 55%
2 - 0% - 45%
44 Defense
1 - 0% - 55%
2 - 0% - 45%
Last Minute Offensive  - 0:00
Last Minute Defensive  - 0:00
Total
Forward - 60:00
Defense - 60:00

% Time on Ice - SAN FRANCISCO SPIDERS

Lines # - Real PCT - Wanted PCT - Time Play
Normal Forward
1 - 35% - 37% - 20:05
2 - 36% - 37% - 20:32
3 - 22% - 23% - 12:41
4 - 6% - 3% - 3:32
Normal Defense
1 - 35% - 38% - 19:49
2 - 34% - 37% - 19:06
3 - 26% - 15% - 14:32
4 - 6% - 10% - 3:23
PP Forward
1 - 44% - 60% - 0:52
2 - 56% - 40% - 1:07
PP Defense
1 - 56% - 60% - 1:07
2 - 44% - 40% - 0:52
PK Forward
1 - 100% - 55% - 1:11
2 - 0% - 45% - 0:00
PK Defense
1 - 58% - 55% - 0:41
2 - 42% - 45% - 0:30
PK3 Forward
1 - 0% - 55%
2 - 0% - 45%
PK3 Defense
1 - 0% - 55%
2 - 0% - 45%
44 Forward
1 - 0% - 55%
2 - 0% - 45%
44 Defense
1 - 0% - 55%
2 - 0% - 45%
Last Minute Offensive  - 0:00
Last Minute Defensive  - 0:00
Total
Forward - 60:00
Defense - 60:00

Play-by-Play

1st period


0:01 of 1st period - Sebastian Aho wins face-off versus Andreas Athanasiou in neutral zone.
1:13 of 1st period - Shot by Jared McCann.
1:13 of 1st period - Shot Misses the Net.
1:15 of 1st period - Shot by Bo Horvat.
1:15 of 1st period - Shot Blocked by Ilya Lyubushkin.
1:17 of 1st period - Shot by Jared McCann.
1:17 of 1st period - Shot Misses the Net.
1:19 of 1st period - Shot by Brock Faber.
1:19 of 1st period - Shot Hit the Post.
1:34 of 1st period - Shot by Jared McCann.
1:34 of 1st period - Stopped by Anton Forsberg without a rebound.
1:35 of 1st period - Mike Sgarbossa wins face-off versus Ondrej Palat in PHOENIX MUSTANGS zone.
1:35 of 1st period - Mike Sgarbossa is hit by Nick Bjugstad.
1:53 of 1st period - Shot by Jack Roslovic.
1:53 of 1st period - Stopped by Anton Forsberg with a rebound.
1:55 of 1st period - Shot by Jacob Middleton.
1:55 of 1st period - Stopped by Anton Forsberg with a rebound.
1:57 of 1st period - Shot by Jack Roslovic.
1:57 of 1st period - Stopped by Anton Forsberg without a rebound.
1:58 of 1st period - Jonathan Miller wins face-off versus Dakota Joshua in PHOENIX MUSTANGS zone.
3:03 of 1st period - Shot by Bo Horvat.
3:03 of 1st period - Shot Misses the Net.
4:48 of 1st period - Shot by Nick Bjugstad.
4:48 of 1st period - Shot Misses the Net.
4:50 of 1st period - Shot by Nick Bjugstad.
4:50 of 1st period - Shot Misses the Net.
5:45 of 1st period - Shot by Viktor Arvidsson.
5:45 of 1st period - Shot Blocked by Conor Garland.
5:47 of 1st period - Shot by Jared McCann.
5:47 of 1st period - Stopped by Anton Forsberg without a rebound.
5:48 of 1st period - Sebastian Aho wins face-off versus Jonathan Miller in PHOENIX MUSTANGS zone.
5:49 of 1st period - Shot by Brady Tkachuk.
5:49 of 1st period - Stopped by Anton Forsberg with a rebound.
5:56 of 1st period - Andrei Svechnikov is hit by Ilya Lyubushkin and loses puck.
7:06 of 1st period - Shot by Bo Horvat.
7:06 of 1st period - Goal by Bo Horvat - PHOENIX MUSTANGS : 0 - SAN FRANCISCO SPIDERS : 1.
7:07 of 1st period - Dakota Joshua wins face-off versus Conor Sheary in neutral zone.
7:46 of 1st period - Shot by Eeli Tolvanen.
7:46 of 1st period - Stopped by Anton Forsberg without a rebound.
7:47 of 1st period - Bo Horvat wins face-off versus Andreas Athanasiou in PHOENIX MUSTANGS zone.
8:06 of 1st period - Shot by T.J. Brodie.
8:06 of 1st period - Shot Blocked by Jared McCann.
8:08 of 1st period - Shot by Andreas Athanasiou.
8:08 of 1st period - Shot Misses the Net.
8:10 of 1st period - Shot by Andreas Athanasiou.
8:10 of 1st period - Shot Blocked by Brenden Dillon.
8:50 of 1st period - Shot by Jonathan Miller.
8:50 of 1st period - Stopped by Igor Shesterkin without a rebound.
8:51 of 1st period - Nick Bjugstad wins face-off versus Conor Sheary in SAN FRANCISCO SPIDERS zone.
9:07 of 1st period - Shot by Jack Roslovic.
9:07 of 1st period - Shot Misses the Net.
9:09 of 1st period - Shot by Brock Faber.
9:09 of 1st period - Stopped by Anton Forsberg with a rebound.
9:31 of 1st period - Shot by Nick Bjugstad.
9:31 of 1st period - Stopped by Anton Forsberg without a rebound.
9:32 of 1st period - Sebastian Aho wins face-off versus Andreas Athanasiou in PHOENIX MUSTANGS zone.
9:43 of 1st period - Shot by Sebastian Aho.
9:43 of 1st period - Stopped by Anton Forsberg with a rebound.
9:45 of 1st period - Shot by Sebastian Aho.
9:45 of 1st period - Shot Misses the Net.
10:17 of 1st period - Shot by Andrei Svechnikov.
10:17 of 1st period - Shot Blocked by Ilya Lyubushkin.
10:19 of 1st period - Shot by Sebastian Aho.
10:19 of 1st period - Shot Misses the Net.
10:46 of 1st period - Icing by T.J. Brodie.
10:47 of 1st period - Mike Sgarbossa wins face-off versus Nick Bjugstad in PHOENIX MUSTANGS zone.
10:47 of 1st period - Mike Sgarbossa is hit by Ondrej Palat.
11:05 of 1st period - Shot by Arthur Kaliyev.
11:05 of 1st period - Shot Misses the Net.
11:17 of 1st period - Shot by Chris Terry.
11:17 of 1st period - Stopped by Igor Shesterkin without a rebound.
11:18 of 1st period - Bo Horvat wins face-off versus Conor Sheary in SAN FRANCISCO SPIDERS zone.
11:31 of 1st period - Shot by Bo Horvat.
11:31 of 1st period - Stopped by Anton Forsberg without a rebound.
11:32 of 1st period - Jonathan Miller wins face-off versus Sebastian Aho in PHOENIX MUSTANGS zone.
12:16 of 1st period - Shot by Sebastian Aho.
12:16 of 1st period - Shot Misses the Net.
12:23 of 1st period - Icing by Jonathan Miller.
12:24 of 1st period - Bo Horvat wins face-off versus Jonathan Miller in PHOENIX MUSTANGS zone.
12:24 of 1st period - Bo Horvat is hit by Matt Irwin.
12:39 of 1st period - Bo Horvat is hit by Matt Irwin and loses puck.
13:05 of 1st period - Viktor Arvidsson is hit by Matt Irwin and loses puck.
13:59 of 1st period - Icing by Erik Gudbranson.
14:00 of 1st period - Nick Bjugstad wins face-off versus Andreas Athanasiou in SAN FRANCISCO SPIDERS zone.
14:34 of 1st period - Shot by Juuso Parssinen.
14:34 of 1st period - Stopped by Igor Shesterkin without a rebound.
14:35 of 1st period - Bo Horvat wins face-off versus Conor Sheary in SAN FRANCISCO SPIDERS zone.
14:57 of 1st period - Shot by Bo Horvat.
14:57 of 1st period - Stopped by Anton Forsberg without a rebound.
14:58 of 1st period - Sebastian Aho wins face-off versus Arthur Kaliyev in PHOENIX MUSTANGS zone.
15:34 of 1st period - Shot by Andrei Svechnikov.
15:34 of 1st period - Deflect By Sebastian Aho.
15:34 of 1st period - Shot Misses the Net.
16:19 of 1st period - Shot by Juuso Parssinen.
16:19 of 1st period - Stopped by Igor Shesterkin without a rebound.
16:20 of 1st period - Jack Roslovic wins face-off versus Conor Sheary in SAN FRANCISCO SPIDERS zone.
16:24 of 1st period - Jack Roslovic is hit by Conor Garland and loses puck.
16:43 of 1st period - Icing by Jack Roslovic.
16:44 of 1st period - Jonathan Miller wins face-off versus Nick Bjugstad in SAN FRANCISCO SPIDERS zone.
17:11 of 1st period - Shot by Jonathan Miller.
17:11 of 1st period - Shot Blocked by Jacob Middleton.
17:57 of 1st period - Shot by Bo Horvat.
17:57 of 1st period - Shot Misses the Net.
18:03 of 1st period - Shot by Conor Garland.
18:03 of 1st period - Stopped by Igor Shesterkin with a rebound.
18:07 of 1st period - Shot by Conor Sheary.
18:07 of 1st period - Shot Misses the Net.
19:00 of 1st period - Andrei Svechnikov is hit by Ilya Lyubushkin.
19:30 of 1st period - Shot by Eeli Tolvanen.
19:30 of 1st period - Shot Misses the Net.
19:37 of 1st period - Icing by Gavin Bayreuther.
19:38 of 1st period - Nick Bjugstad wins face-off versus Andreas Athanasiou in PHOENIX MUSTANGS zone.
19:38 of 1st period - Jack Roslovic is hit by Ilya Lyubushkin and loses puck.
19:58 of 1st period - Shot by Nick Bjugstad.
19:58 of 1st period - Shot Misses the Net.
Goals for this period are 0 for PHOENIX MUSTANGS vs 1 for SAN FRANCISCO SPIDERS.
Shots for this period are 5 for PHOENIX MUSTANGS vs 13 for SAN FRANCISCO SPIDERS.

2nd period


0:01 of 2nd period - Sebastian Aho wins face-off versus Mike Sgarbossa in neutral zone.
0:16 of 2nd period - Shot by Andrei Svechnikov.
0:16 of 2nd period - Stopped by Anton Forsberg without a rebound.
0:17 of 2nd period - Bo Horvat wins face-off versus Conor Sheary in PHOENIX MUSTANGS zone.
1:29 of 2nd period - Shot by Arthur Kaliyev.
1:29 of 2nd period - Stopped by Igor Shesterkin with a rebound.
1:59 of 2nd period - Sebastian Aho is hit by Juuso Parssinen and loses puck.
2:04 of 2nd period - Shot by Taylor Hall.
2:04 of 2nd period - Deflect By Andreas Athanasiou.
2:04 of 2nd period - Stopped by Igor Shesterkin without a rebound.
2:05 of 2nd period - Jonathan Miller wins face-off versus Sebastian Aho in SAN FRANCISCO SPIDERS zone.
2:05 of 2nd period - Christian Fischer is hit by Darnell Nurse.
2:39 of 2nd period - Shot by Sebastian Aho.
2:39 of 2nd period - Stopped by Anton Forsberg without a rebound.
2:40 of 2nd period - Jack Roslovic wins face-off versus Conor Sheary in PHOENIX MUSTANGS zone.
2:46 of 2nd period - Off-side.
2:47 of 2nd period - Nick Bjugstad wins face-off versus Conor Sheary in neutral zone.
3:05 of 2nd period - Icing by Nick Bjugstad.
3:06 of 2nd period - Andreas Athanasiou wins face-off versus Nick Bjugstad in SAN FRANCISCO SPIDERS zone.
3:09 of 2nd period - Shot by Andreas Athanasiou.
3:09 of 2nd period - Deflect By Taylor Hall.
3:09 of 2nd period - Stopped by Igor Shesterkin without a rebound.
3:10 of 2nd period - Sebastian Aho wins face-off versus Mike Sgarbossa in SAN FRANCISCO SPIDERS zone.
3:10 of 2nd period - Sebastian Aho is hit by Arthur Kaliyev.
3:22 of 2nd period - Shot by Sebastian Aho.
3:22 of 2nd period - Deflect By Andrei Svechnikov.
3:22 of 2nd period - Shot Misses the Net.
3:33 of 2nd period - Andrei Svechnikov is hit by Matt Irwin and loses puck.
4:20 of 2nd period - Shot by Viktor Arvidsson.
4:20 of 2nd period - Shot Misses the Net.
4:28 of 2nd period - Ilya Lyubushkin is hit by Viktor Arvidsson.
5:18 of 2nd period - Shot by Jack Roslovic.
5:18 of 2nd period - Goal by Jack Roslovic - PHOENIX MUSTANGS : 0 - SAN FRANCISCO SPIDERS : 2.
5:19 of 2nd period - Dakota Joshua wins face-off versus Conor Sheary in neutral zone.
6:07 of 2nd period - Shot by Andrei Svechnikov.
6:07 of 2nd period - Shot Misses the Net.
6:30 of 2nd period - Icing by Darnell Nurse.
6:31 of 2nd period - Jonathan Miller wins face-off versus Sebastian Aho in SAN FRANCISCO SPIDERS zone.
6:52 of 2nd period - Shot by Andrei Svechnikov.
6:52 of 2nd period - Stopped by Anton Forsberg without a rebound.
6:53 of 2nd period - Bo Horvat wins face-off versus Mike Sgarbossa in PHOENIX MUSTANGS zone.
6:53 of 2nd period - Bo Horvat is hit by John Klingberg.
6:59 of 2nd period - Shot by Bo Horvat.
6:59 of 2nd period - Stopped by Anton Forsberg with a rebound.
7:07 of 2nd period - Shot by Jared McCann.
7:07 of 2nd period - Stopped by Anton Forsberg without a rebound.
7:08 of 2nd period - Nick Bjugstad wins face-off versus Andreas Athanasiou in PHOENIX MUSTANGS zone.
7:35 of 2nd period - Icing by Jacob Middleton.
7:36 of 2nd period - Nick Bjugstad wins face-off versus Conor Sheary in SAN FRANCISCO SPIDERS zone.
7:48 of 2nd period - Shot by Jesper Fast.
7:48 of 2nd period - Shot Misses the Net.
7:50 of 2nd period - Shot by John Klingberg.
7:50 of 2nd period - Shot Misses the Net.
7:52 of 2nd period - Shot by Conor Sheary.
7:52 of 2nd period - Stopped by Igor Shesterkin without a rebound.
7:53 of 2nd period - Mike Sgarbossa wins face-off versus Bo Horvat in SAN FRANCISCO SPIDERS zone.
8:13 of 2nd period - Bo Horvat is hit by Gavin Bayreuther and loses puck.
8:16 of 2nd period - Shot by Brenden Dillon.
8:16 of 2nd period - Shot Blocked by Gavin Bayreuther.
8:18 of 2nd period - Shot by Darnell Nurse.
8:18 of 2nd period - Stopped by Anton Forsberg without a rebound.
8:19 of 2nd period - Jesper Fast wins face-off versus Sebastian Aho in PHOENIX MUSTANGS zone.
8:25 of 2nd period - Icing by Michael Anderson.
8:26 of 2nd period - Sebastian Aho wins face-off versus Conor Sheary in SAN FRANCISCO SPIDERS zone.
8:47 of 2nd period - Shot by Andrei Svechnikov.
8:47 of 2nd period - Shot Misses the Net.
9:25 of 2nd period - Conor Garland is hit by Jared McCann.
9:30 of 2nd period - Off-side.
9:31 of 2nd period - Andreas Athanasiou wins face-off versus Nick Bjugstad in neutral zone.
10:52 of 2nd period - Shot by Bo Horvat.
10:52 of 2nd period - Shot Misses the Net.
11:17 of 2nd period - Jared McCann is hit by Ilya Lyubushkin and loses puck.
11:46 of 2nd period - Icing by Jacob Middleton.
11:47 of 2nd period - Andrei Svechnikov wins face-off versus Andreas Athanasiou in SAN FRANCISCO SPIDERS zone.
11:56 of 2nd period - Taylor Hall is hit by Andrei Svechnikov and loses puck.
12:20 of 2nd period - Icing by Erik Gudbranson.
12:21 of 2nd period - Conor Sheary wins face-off versus Sebastian Aho in SAN FRANCISCO SPIDERS zone.
12:48 of 2nd period - Off-side.
12:49 of 2nd period - Bo Horvat wins face-off versus Mike Sgarbossa in neutral zone.
13:09 of 2nd period - Jared McCann is hit by Ilya Lyubushkin and loses puck.
13:12 of 2nd period - Shot by Bo Horvat.
13:12 of 2nd period - Stopped by Anton Forsberg without a rebound.
13:13 of 2nd period - Nick Bjugstad wins face-off versus Andreas Athanasiou in PHOENIX MUSTANGS zone.
13:16 of 2nd period - Shot by Jack Roslovic.
13:16 of 2nd period - Shot Misses the Net.
13:22 of 2nd period - Shot by Juuso Parssinen.
13:22 of 2nd period - Shot Misses the Net.
13:24 of 2nd period - Shot by Juuso Parssinen.
13:24 of 2nd period - Shot Misses the Net.
13:28 of 2nd period - Shot by Andreas Athanasiou.
13:28 of 2nd period - Stopped by Igor Shesterkin without a rebound.
13:29 of 2nd period - Bo Horvat wins face-off versus Conor Sheary in SAN FRANCISCO SPIDERS zone.
13:33 of 2nd period - Icing by Viktor Arvidsson.
13:34 of 2nd period - Andreas Athanasiou wins face-off versus Bo Horvat in SAN FRANCISCO SPIDERS zone.
13:45 of 2nd period - Shot by Andreas Athanasiou.
13:45 of 2nd period - Stopped by Igor Shesterkin without a rebound.
13:46 of 2nd period - Sebastian Aho wins face-off versus Conor Sheary in SAN FRANCISCO SPIDERS zone.
13:46 of 2nd period - Sebastian Aho is hit by Conor Sheary.
14:09 of 2nd period - Shot by Conor Sheary.
14:09 of 2nd period - Shot Misses the Net.
14:10 of 2nd period - Minor Penalty to Conor Sheary for Holding.
14:11 of 2nd period - Bo Horvat wins face-off versus Juuso Parssinen in PHOENIX MUSTANGS zone.
14:45 of 2nd period - Off-side.
14:46 of 2nd period - Bo Horvat wins face-off versus Juuso Parssinen in neutral zone.
14:49 of 2nd period - Shot by Brady Tkachuk.
14:49 of 2nd period - Stopped by Anton Forsberg with a rebound.
14:51 of 2nd period - Shot by Michael Anderson.
14:51 of 2nd period - Stopped by Anton Forsberg without a rebound.
14:52 of 2nd period - Bo Horvat wins face-off versus Juuso Parssinen in PHOENIX MUSTANGS zone.
15:16 of 2nd period - Shot by Bo Horvat.
15:16 of 2nd period - Stopped by Anton Forsberg with a rebound.
15:18 of 2nd period - Shot by Viktor Arvidsson.
15:18 of 2nd period - Stopped by Anton Forsberg without a rebound.
15:19 of 2nd period - Bo Horvat wins face-off versus Andreas Athanasiou in PHOENIX MUSTANGS zone.
15:20 of 2nd period - Shot by Jared McCann.
15:20 of 2nd period - Stopped by Anton Forsberg without a rebound.
15:21 of 2nd period - Juuso Parssinen wins face-off versus Bo Horvat in PHOENIX MUSTANGS zone.
15:50 of 2nd period - Shot by Nick Bjugstad.
15:50 of 2nd period - Deflect By Jared McCann.
15:50 of 2nd period - Stopped by Anton Forsberg without a rebound.
15:51 of 2nd period - Juuso Parssinen wins face-off versus Bo Horvat in PHOENIX MUSTANGS zone.
17:09 of 2nd period - Icing by Arthur Kaliyev.
17:10 of 2nd period - Sebastian Aho wins face-off versus Mike Sgarbossa in PHOENIX MUSTANGS zone.
17:18 of 2nd period - Brady Tkachuk is hit by John Klingberg and loses puck.
17:36 of 2nd period - Brady Tkachuk is hit by Matt Irwin and loses puck.
17:42 of 2nd period - Icing by Matt Irwin.
17:43 of 2nd period - Mike Sgarbossa wins face-off versus Bo Horvat in PHOENIX MUSTANGS zone.
18:03 of 2nd period - Bo Horvat is hit by John Klingberg and loses puck.
18:48 of 2nd period - Shot by Sebastian Aho.
18:48 of 2nd period - Stopped by Anton Forsberg with a rebound.
19:29 of 2nd period - Icing by Darnell Nurse.
19:30 of 2nd period - Sebastian Aho wins face-off versus Conor Sheary in SAN FRANCISCO SPIDERS zone.
Goals for this period are 0 for PHOENIX MUSTANGS vs 1 for SAN FRANCISCO SPIDERS.
Shots for this period are 6 for PHOENIX MUSTANGS vs 15 for SAN FRANCISCO SPIDERS.

3rd period


0:01 of 3rd period - Bo Horvat wins face-off versus Andreas Athanasiou in neutral zone.
0:17 of 3rd period - Icing by Juuso Parssinen.
0:18 of 3rd period - Sebastian Aho wins face-off versus Andreas Athanasiou in PHOENIX MUSTANGS zone.
0:23 of 3rd period - Shot by Brady Tkachuk.
0:23 of 3rd period - Shot Misses the Net.
0:54 of 3rd period - Icing by Taylor Hall.
0:55 of 3rd period - Bo Horvat wins face-off versus Andreas Athanasiou in PHOENIX MUSTANGS zone.
1:04 of 3rd period - Shot by Bo Horvat.
1:04 of 3rd period - Shot Misses the Net.
1:20 of 3rd period - Shot by Viktor Arvidsson.
1:20 of 3rd period - Stopped by Anton Forsberg without a rebound.
1:21 of 3rd period - Ondrej Palat wins face-off versus Conor Sheary in PHOENIX MUSTANGS zone.
1:22 of 3rd period - Shot by Nick Bjugstad.
1:22 of 3rd period - Shot Misses the Net.
1:24 of 3rd period - Shot by Ondrej Palat.
1:24 of 3rd period - Stopped by Anton Forsberg without a rebound.
1:25 of 3rd period - Sebastian Aho wins face-off versus Conor Sheary in PHOENIX MUSTANGS zone.
1:40 of 3rd period - Shot by Conor Sheary.
1:40 of 3rd period - Shot Misses the Net.
1:52 of 3rd period - Shot by Jesper Fast.
1:52 of 3rd period - Shot Blocked by Brenden Dillon.
3:29 of 3rd period - Icing by Juuso Parssinen.
3:30 of 3rd period - Nick Bjugstad wins face-off versus Juuso Parssinen in PHOENIX MUSTANGS zone.
3:36 of 3rd period - Icing by John Klingberg.
3:37 of 3rd period - Nick Bjugstad wins face-off versus Juuso Parssinen in PHOENIX MUSTANGS zone.
3:44 of 3rd period - Shot by Nick Bjugstad.
3:44 of 3rd period - Shot Blocked by Matt Irwin.
3:46 of 3rd period - Shot by Ondrej Palat.
3:46 of 3rd period - Shot Misses the Net.
3:58 of 3rd period - Shot by Taylor Hall.
3:58 of 3rd period - Shot Misses the Net.
4:14 of 3rd period - Shot by Jack Roslovic.
4:14 of 3rd period - Stopped by Anton Forsberg without a rebound.
4:15 of 3rd period - Bo Horvat wins face-off versus Conor Garland in PHOENIX MUSTANGS zone.
4:18 of 3rd period - Shot by Jared McCann.
4:18 of 3rd period - Shot Misses the Net.
4:31 of 3rd period - Shot by Conor Garland.
4:31 of 3rd period - Shot Misses the Net.
4:33 of 3rd period - Shot by Ilya Lyubushkin.
4:33 of 3rd period - Stopped by Igor Shesterkin without a rebound.
4:34 of 3rd period - Mike Sgarbossa wins face-off versus Sebastian Aho in SAN FRANCISCO SPIDERS zone.
4:41 of 3rd period - Shot by Mike Sgarbossa.
4:41 of 3rd period - Deflect By Arthur Kaliyev.
4:41 of 3rd period - Stopped by Igor Shesterkin without a rebound.
4:42 of 3rd period - Bo Horvat wins face-off versus Conor Sheary in SAN FRANCISCO SPIDERS zone.
5:04 of 3rd period - Shot by Conor Garland.
5:04 of 3rd period - Shot Misses the Net.
5:06 of 3rd period - Shot by Ilya Lyubushkin.
5:06 of 3rd period - Stopped by Igor Shesterkin with a rebound.
5:08 of 3rd period - Shot by Jesper Fast.
5:08 of 3rd period - Goal by Jesper Fast - PHOENIX MUSTANGS : 1 - SAN FRANCISCO SPIDERS : 2.
5:09 of 3rd period - Andreas Athanasiou wins face-off versus Andrei Svechnikov in neutral zone.
5:12 of 3rd period - Shot by Juuso Parssinen.
5:12 of 3rd period - Stopped by Igor Shesterkin without a rebound.
5:13 of 3rd period - Andreas Athanasiou wins face-off versus Sebastian Aho in SAN FRANCISCO SPIDERS zone.
5:26 of 3rd period - Shot by Andreas Athanasiou.
5:26 of 3rd period - Shot Misses the Net.
5:53 of 3rd period - Icing by T.J. Brodie.
5:54 of 3rd period - Bo Horvat wins face-off versus Taylor Hall in PHOENIX MUSTANGS zone.
6:10 of 3rd period - Icing by Brenden Dillon.
6:11 of 3rd period - Bo Horvat wins face-off versus Conor Sheary in SAN FRANCISCO SPIDERS zone.
6:13 of 3rd period - Icing by Viktor Arvidsson.
6:14 of 3rd period - Bo Horvat wins face-off versus Conor Sheary in SAN FRANCISCO SPIDERS zone.
6:16 of 3rd period - Darnell Nurse is hit by Jesper Fast and loses puck.
6:32 of 3rd period - Viktor Arvidsson is hit by Gavin Bayreuther and loses puck.
7:41 of 3rd period - Arthur Kaliyev is hit by Ondrej Palat and loses puck.
8:19 of 3rd period - Andreas Athanasiou is hit by Andrei Svechnikov and loses puck.
8:30 of 3rd period - Shot by Andrei Svechnikov.
8:30 of 3rd period - Shot Hit the Post.
8:32 of 3rd period - Shot by Erik Gudbranson.
8:32 of 3rd period - Stopped by Anton Forsberg without a rebound.
8:33 of 3rd period - Conor Sheary wins face-off versus Bo Horvat in PHOENIX MUSTANGS zone.
8:35 of 3rd period - Icing by Conor Garland.
8:36 of 3rd period - Bo Horvat wins face-off versus Conor Sheary in PHOENIX MUSTANGS zone.
8:49 of 3rd period - Shot by Jared McCann.
8:49 of 3rd period - Stopped by Anton Forsberg without a rebound.
8:50 of 3rd period - Sebastian Aho wins face-off versus Jonathan Miller in PHOENIX MUSTANGS zone.
9:23 of 3rd period - Icing by T.J. Brodie.
9:24 of 3rd period - Bo Horvat wins face-off versus Jonathan Miller in PHOENIX MUSTANGS zone.
9:28 of 3rd period - Icing by T.J. Brodie.
9:29 of 3rd period - Jared McCann wins face-off versus Jonathan Miller in PHOENIX MUSTANGS zone.
9:36 of 3rd period - T.J. Brodie is hit by Jared McCann.
9:46 of 3rd period - Bo Horvat is hit by Xavier Ouellet and loses puck.
9:50 of 3rd period - Icing by Christian Fischer.
9:51 of 3rd period - Christian Fischer wins face-off versus Sebastian Aho in PHOENIX MUSTANGS zone.
11:09 of 3rd period - Icing by Michael Anderson.
11:10 of 3rd period - Mike Sgarbossa wins face-off versus Bo Horvat in SAN FRANCISCO SPIDERS zone.
12:12 of 3rd period - John Klingberg is hit by Brenden Dillon and loses puck.
12:37 of 3rd period - Shot by Nick Bjugstad.
12:37 of 3rd period - Shot Misses the Net.
12:39 of 3rd period - Shot by Brenden Dillon.
12:39 of 3rd period - Shot Blocked by T.J. Brodie.
12:41 of 3rd period - Shot by Nick Bjugstad.
12:41 of 3rd period - Shot Blocked by T.J. Brodie.
12:43 of 3rd period - Shot by Brenden Dillon.
12:43 of 3rd period - Stopped by Anton Forsberg without a rebound.
12:44 of 3rd period - Andreas Athanasiou wins face-off versus Sebastian Aho in PHOENIX MUSTANGS zone.
12:48 of 3rd period - Ilya Lyubushkin is hit by Jacob Middleton and loses puck.
13:10 of 3rd period - Shot by Andrei Svechnikov.
13:10 of 3rd period - Deflect By Sebastian Aho.
13:10 of 3rd period - Stopped by Anton Forsberg without a rebound.
13:11 of 3rd period - Conor Sheary wins face-off versus Dakota Joshua in PHOENIX MUSTANGS zone.
13:13 of 3rd period - Icing by Jesper Fast.
13:14 of 3rd period - Nick Bjugstad wins face-off versus Conor Sheary in PHOENIX MUSTANGS zone.
13:22 of 3rd period - Icing by T.J. Brodie.
13:23 of 3rd period - Bo Horvat wins face-off versus Conor Sheary in PHOENIX MUSTANGS zone.
13:38 of 3rd period - Shot by Conor Garland.
13:38 of 3rd period - Stopped by Igor Shesterkin without a rebound.
13:39 of 3rd period - Andreas Athanasiou wins face-off versus Sebastian Aho in SAN FRANCISCO SPIDERS zone.
13:48 of 3rd period - Shot by Juuso Parssinen.
13:48 of 3rd period - Shot Misses the Net.
14:02 of 3rd period - Shot by Taylor Hall.
14:02 of 3rd period - Deflect By Juuso Parssinen.
14:02 of 3rd period - Stopped by Igor Shesterkin without a rebound.
14:03 of 3rd period - Bo Horvat wins face-off versus Conor Sheary in SAN FRANCISCO SPIDERS zone.
14:20 of 3rd period - Shot by Conor Garland.
14:20 of 3rd period - Shot Misses the Net.
14:22 of 3rd period - Shot by Jesper Fast.
14:22 of 3rd period - Shot Misses the Net.
14:24 of 3rd period - Shot by Conor Sheary.
14:24 of 3rd period - Shot Misses the Net.
14:26 of 3rd period - Shot by Conor Sheary.
14:26 of 3rd period - Shot Misses the Net.
14:30 of 3rd period - Shot by Jesper Fast.
14:30 of 3rd period - Shot Misses the Net.
14:32 of 3rd period - Shot by Conor Sheary.
14:32 of 3rd period - Stopped by Igor Shesterkin without a rebound.
14:33 of 3rd period - Andreas Athanasiou wins face-off versus Sebastian Aho in SAN FRANCISCO SPIDERS zone.
14:34 of 3rd period - Shot by Juuso Parssinen.
14:34 of 3rd period - Deflect By Andreas Athanasiou.
14:34 of 3rd period - Stopped by Igor Shesterkin without a rebound.
14:35 of 3rd period - Sebastian Aho wins face-off versus Andreas Athanasiou in SAN FRANCISCO SPIDERS zone.
14:47 of 3rd period - Shot by Brady Tkachuk.
14:47 of 3rd period - Shot Misses the Net.
14:49 of 3rd period - Shot by Darnell Nurse.
14:49 of 3rd period - Stopped by Anton Forsberg without a rebound.
14:50 of 3rd period - Bo Horvat wins face-off versus Conor Sheary in PHOENIX MUSTANGS zone.
14:50 of 3rd period - Bo Horvat is hit by Matt Irwin.
14:53 of 3rd period - Viktor Arvidsson is hit by Matt Irwin and loses puck.
15:03 of 3rd period - Off-side.
15:04 of 3rd period - Andreas Athanasiou wins face-off versus Nick Bjugstad in neutral zone.
15:13 of 3rd period - Shot by Ondrej Palat.
15:13 of 3rd period - Shot Misses the Net.
16:13 of 3rd period - Shot by Conor Garland.
16:13 of 3rd period - Shot Blocked by Brock Faber.
16:20 of 3rd period - Off-side.
16:21 of 3rd period - Mike Sgarbossa wins face-off versus Sebastian Aho in neutral zone.
16:30 of 3rd period - Shot by Arthur Kaliyev.
16:30 of 3rd period - Stopped by Igor Shesterkin without a rebound.
16:31 of 3rd period - Jonathan Miller wins face-off versus Bo Horvat in SAN FRANCISCO SPIDERS zone.
16:36 of 3rd period - Shot by Jonathan Miller.
16:36 of 3rd period - Stopped by Igor Shesterkin without a rebound.
16:37 of 3rd period - Andreas Athanasiou wins face-off versus Bo Horvat in SAN FRANCISCO SPIDERS zone.
16:42 of 3rd period - Shot by Taylor Hall.
16:42 of 3rd period - Deflect By Juuso Parssinen.
16:42 of 3rd period - Stopped by Igor Shesterkin without a rebound.
16:43 of 3rd period - Andreas Athanasiou wins face-off versus Bo Horvat in SAN FRANCISCO SPIDERS zone.
16:44 of 3rd period - Shot by Juuso Parssinen.
16:44 of 3rd period - Shot Misses the Net.
17:04 of 3rd period - Shot by Taylor Hall.
17:04 of 3rd period - Stopped by Igor Shesterkin with a rebound.
17:08 of 3rd period - Shot by Andreas Athanasiou.
17:08 of 3rd period - Shot Misses the Net.
17:10 of 3rd period - Shot by Juuso Parssinen.
17:10 of 3rd period - Stopped by Igor Shesterkin without a rebound.
17:11 of 3rd period - Sebastian Aho wins face-off versus Conor Sheary in SAN FRANCISCO SPIDERS zone.
17:41 of 3rd period - Conor Garland is hit by Jacob Middleton.
17:55 of 3rd period - Shot by Brady Tkachuk.
17:55 of 3rd period - Stopped by Anton Forsberg without a rebound.
17:56 of 3rd period - Andreas Athanasiou wins face-off versus Bo Horvat in PHOENIX MUSTANGS zone.
18:15 of 3rd period - Shot by Juuso Parssinen.
18:15 of 3rd period - Deflect By Taylor Hall.
18:15 of 3rd period - Shot Misses the Net.
18:17 of 3rd period - Shot by Andreas Athanasiou.
18:17 of 3rd period - Deflect By Taylor Hall.
18:17 of 3rd period - Shot Blocked by Jared McCann.
18:19 of 3rd period - Shot by Juuso Parssinen.
18:19 of 3rd period - Shot Misses the Net.
18:30 of 3rd period - Shot by Andreas Athanasiou.
18:30 of 3rd period - Stopped by Igor Shesterkin without a rebound.
18:31 of 3rd period - Nick Bjugstad wins face-off versus Mike Sgarbossa in SAN FRANCISCO SPIDERS zone.
18:45 of 3rd period - Shot by Arthur Kaliyev.
18:45 of 3rd period - Stopped by Igor Shesterkin with a rebound.
18:48 of 3rd period - Minor Penalty to Jack Roslovic for Slashing.
18:49 of 3rd period - Bo Horvat wins face-off versus Chris Terry in SAN FRANCISCO SPIDERS zone.
18:58 of 3rd period - Sebastian Aho is hit by Jesper Fast and loses puck.
19:01 of 3rd period - PHOENIX MUSTANGS, Anton Forsberg is pulled from the net.
19:05 of 3rd period - Shot by Conor Garland.
19:05 of 3rd period - Shot Misses the Net.
Goals for this period are 1 for PHOENIX MUSTANGS vs 0 for SAN FRANCISCO SPIDERS.
Shots for this period are 16 for PHOENIX MUSTANGS vs 9 for SAN FRANCISCO SPIDERS.


BLAKE
WHEELER
STEVEN
STAMKOS
DREW
DOUGHTY

EAST COAST

HOCKEY LEAGUE

  • 63.RHI2PIT5
  • 64.WOR4ATL3
  • 65.QUECHW
  • 66.CHATRV